 Dungeon Crawl Stone Soup version 0.28.0-47-ge53b351184 (webtiles) character file.

Game seed: 5461581137700889915

2959 warriortoast the Thaumaturge (level 9, 0/47 HPs)
             Began as a Deep Elf Fire Elementalist on May 2, 2022.
             Was an Initiate of Sif Muna.
             Shot with an arrow by a centaur (3 damage)
             ... on level 8 of the Dungeon.
             The game lasted 00:28:13 (7373 turns).

warriortoast the Thaumaturge (DEFE)                 Turns: 7373, Time: 00:28:14

Health: 0/47       AC:  5    Str:  5    XL:     9   Next: 52%
Magic:  30/34      EV: 13    Int: 25    God:    Sif Muna [......]
Gold:   423        SH:  0    Dex: 15    Spells: 15/28 levels left

rFire   . . .      SeeInvis .   h - +2 dagger (venom)
rCold   . . .      Faith    .   (no shield)
rNeg    . . .      Spirit   .   a - +0 robe
rPois   .          Reflect  .   n - +1 hat
rElec   .          Harm     .   D - +0 cloak
rCorr   .          Rampage  .   y - +0 pair of gloves
Will    .....                   (no boots)
Stlth   ++........              A - amulet of magic regeneration
HPRegen 0.15/turn               b - ring of magical power
MPRegen 0.64/turn               (no ring)

@: lethally poisoned (0 -> -10), slowed, very slow
A: no striking features
a: Renounce Religion


You were on level 8 of the Dungeon.
You worshipped Sif Muna.
Sif Muna was noncommittal.
You visited 2 branches of the dungeon, and saw 9 of its levels.

You collected 423 gold pieces.

Inventory:

Hand Weapons
 h - a +2 dagger of venom (weapon)
 C - a +2 quarterstaff of chaos
Missiles
 f - 6 atropa-tipped darts
 o - 5 datura-tipped darts
Armour
 a - a +0 robe (worn)
 n - a +1 hat (worn)
 w - a +3 leather armour of cold resistance
 y - a +0 pair of gloves (worn)
 D - a +0 cloak (worn)
Jewellery
 b - a ring of magical power (left hand)
 j - an amulet of regeneration
 x - a ring of ice
 A - an amulet of magic regeneration (around neck)
Wands
 s - a wand of polymorph (6)
 t - a wand of acid (12)
 B - a wand of mindburst (18)
Scrolls
 c - a scroll of enchant weapon
 k - a scroll of magic mapping
 l - a scroll of identify
 m - 5 scrolls of teleportation
 p - a scroll of immolation
 z - a scroll of summoning {unknown}
 E - a scroll of amnesia {unknown}
Potions
 d - a potion of degeneration {unknown}
 e - 5 potions of lignification
 g - a potion of cancellation
 i - 2 potions of curing
 q - 2 potions of haste
 r - a potion of mutation
 u - 2 potions of might
 v - 2 potions of heal wounds


   Skills:
 + Level 1.1 Fighting
 + Level 4.1 Dodging
 - Level 2.4 Stealth
 - Level 10.1 Spellcasting
 + Level 8.8 Conjurations
 - Level 8.2 Fire Magic


You had 15 spell levels left.
You knew the following spells:

 Your Spells              Type           Power      Damage    Failure   Level
a - Foxfire               Conj/Fire      100%       2x1d9     1%          1
b - Scorch                Fire           100%       2d10      1%          2
c - Conjure Flame         Conj/Fire      53%        6-21      1%          3
d - Flame Wave            Conj/Fire      53%        2d11      1%          4
e - Gell's Gravitas       Tloc           12%        N/A       14%         3

Your spell library contained the following spells:

 Spells                   Type           Power      Damage    Failure   Level
 Inner Flame              Hex/Fire       33%        N/A       2%          3
 Teleport Other           Tloc           12%        N/A       14%         3
 Dispersal                Tloc           6%         N/A       100%        6


Dungeon Overview and Level Annotations

Branches:
Dungeon (8/15)             Temple (1/1) D:7
   Lair: D:8-11

Altars:
Dithmenos
Elyvilon
Sif Muna
Zin

Shops:
D:7 *

Portals:
Ossuary: D:8


Message History

The centaur shoots an arrow.
The arrow completely misses you.
There is a stone staircase leading up, spattered with blood here.
You conjure some foxfire!
The centaur shoots an arrow.
The arrow closely misses you. The arrow barely misses your foxfire.
The arrow hits the hornet!
Casting: Foxfire (safe; 1% risk of failure)
Confirm with . or Enter, or press ? or * to list all spells.
Flames lash the hornet.
The hornet is heavily wounded.
The hornet's fire resistance burns away.
The foxfire hits the hornet but does no damage.
The hornet is heavily wounded.
The foxfire hits the hornet.
The hornet is burned terribly!
The hornet is heavily wounded.
The centaur shoots an arrow.
The arrow closely misses you.
The centaur shoots an arrow.
The arrow barely misses you.
The arrow barely misses the hornet.
Casting: Scorch (safe; 1% risk of failure)
Confirm with . or Enter, or press ? or * to list all spells.
Flames lash the hornet.
The hornet is burned terribly!
The hornet is severely wounded.
The hornet barely misses you.
The centaur shoots an arrow.
The arrow hits you. The hornet stings you!
* * * LOW HITPOINT WARNING * * *
You feel yourself slow down.
Casting: Scorch (safe; 1% risk of failure)
Confirm with . or Enter, or press ? or * to list all spells.
Flames lash the hornet.
The hornet is burned terribly!
The hornet is almost dead.
You feel yourself speed up.
The centaur shoots an arrow.
The arrow hits you!
* * * LOW HITPOINT WARNING * * *
The hornet stings you.
* * * LOW HITPOINT WARNING * * *
You are lethally poisoned!
You feel yourself slow down.
The centaur shoots an arrow.
The arrow barely misses you.
The arrow hits the hornet!
The hornet dies!
The centaur shoots an arrow.
The arrow hits you.
You die...

...###.... ..
...#...... ...
.........## ....
.........##....
............. #
#........... ...
#..).......
.....##..@†.#
..∩..c...#...#
......)..##.##
.....÷...# .#
.......... .
........... ..
..))........ ..
................
........).....


You could see a centaur.

Vanquished Creatures
  A centaur zombie (D:6)
  Eustachio (D:5)
  Menkaure (D:5)
  2 water moccasins
  2 orc warriors
  3 black bears
  2 sky beasts
  2 ice beasts (D:7)
  2 necrophages
  An ogre (D:4)
  2 centaurs (D:7)
  2 bullfrogs
  2 scorpions
  A bullfrog zombie (D:6)
  4 hounds
  A jelly (D:4)
  A bullfrog skeleton (D:5)
  Crazy Yiuf (D:6)
  3 iguanas
  5 orc wizards
  A hound zombie (D:5)
  A howler monkey zombie (D:7)
  4 gnolls
  2 howler monkey skeletons
  7 adders
  A shadow imp (D:6)
  2 white imps (D:7)
  An adder skeleton (D:4)
  2 worms
  2 dart slugs (D:1)
  18 orcs
  5 endoplasms
  A giant cockroach (D:2)
  7 goblins
  4 hobgoblins
  2 quokkas (D:1)
  10 ball pythons
  6 bats (D:1)
  3 frilled lizards (D:1)
  8 kobolds
  8 rats
134 creatures vanquished.

Vanquished Creatures (others)
  A hornet (D:8)
  540 foxfires
  4 toadstools (D:1)
545 creatures vanquished.

Grand Total: 679 creatures vanquished

Notes
Turn   | Place    | Note
-------+----------+-------------------------------------------
     0 | D:1      | warriortoast the Deep Elf Fire Elementalist began the quest
                  | for the Orb.
     0 | D:1      | Reached XP level 1. HP: 10/10 MP: 6/6
   322 | D:1      | Reached XP level 2. HP: 15/15 MP: 8/8
   649 | D:1      | Reached XP level 3. HP: 19/19 MP: 10/10
  1142 | D:1      | Found a faded altar of an unknown god.
  1242 | D:2      | Found a glowing silver altar of Zin.
  1671 | D:2      | Reached skill level 4 in Spellcasting
  2278 | D:2      | Reached XP level 4. HP: 23/23 MP: 12/12
  2656 | D:3      | Learned a level 2 spell: Scorch
  2660 | D:3      | Learned a level 3 spell: Conjure Flame
  2665 | D:3      | Learned a level 4 spell: Flame Wave
  2956 | D:3      | Found a white marble altar of Elyvilon.
  3301 | D:4      | Reached XP level 5. HP: 28/28 MP: 14/14
  3333 | D:4      | Reached skill level 5 in Spellcasting
  3355 | D:4      | Reached skill level 5 in Fire Magic
  3449 | D:4      | Noticed a sky beast
  3458 | D:4      | Killed a sky beast
  3459 | D:4      | Reached XP level 6. HP: 32/32 MP: 16/16
  3775 | D:4      | Reached skill level 6 in Spellcasting
  4319 | D:4      | Reached XP level 7. HP: 36/36 MP: 19/19
  4323 | D:4      | Reached skill level 7 in Spellcasting
  4405 | D:5      | Entered Level 5 of the Dungeon
  4470 | D:5      | Noticed Menkaure
  4474 | D:5      | Killed Menkaure
  4488 | D:5      | Noticed Eustachio
  4491 | D:5      | Killed Eustachio
  4492 | D:5      | Reached skill level 8 in Spellcasting
  4591 | D:5      | Reached XP level 8. HP: 31/41 MP: 22/22
  4756 | D:5      | Found a shadowy altar of Dithmenos.
  5310 | D:6      | Reached skill level 9 in Spellcasting
  5434 | D:6      | Reached skill level 10 in Spellcasting
  5434 | D:6      | Reached skill level 5 in Conjurations
  5674 | D:6      | Found a runed translucent door.
  5675 | D:6      | Noticed Crazy Yiuf
  5754 | D:6      | Killed Crazy Yiuf
  5874 | D:6      | HP: 1/41 [orc warrior/+0 flail (12)]
  6193 | D:6      | Reached XP level 9. HP: 46/46 MP: 25/25
  6647 | D:7      | Found Losohuh's Lightly-Used Armoury.
  6675 | D:7      | Found a staircase to the Ecumenical Temple.
  6688 | Temple   | Entered the Ecumenical Temple
  6725 | Temple   | Became a worshipper of Sif Muna the Loreminder
  6762 | D:7      | Learned a level 3 spell: Gell's Gravitas
  6948 | D:7      | Reached skill level 1 in Fighting
  7048 | D:8      | Found a sand-covered staircase.
  7373 | D:8      | Shot with an arrow by a centaur

Illustrated notes

Levels and vault maps discovered:
D:1:      ldierk_water_garden, layout_rooms,
          hellmonk_ecumenical_altar_inner_sanctum, minmay_misc_feat_room,
          minmay_liquid_box
D:2:      layout_basic, basic_altar
D:3:      layout_rooms, nicolae_elyvilon_temple_path
D:4:      layout_loops_ring, grunt_ministairs_7, fountainhead,
          saegor_snake_ambush
D:5:      layout_basic, nicolae_dithmenos_through_a_glass_darkly,
          minmay_diced_spiral, uniq_eustachio, uniq_menkaure
D:6:      layout_loops_ring, uniq_crazy_yiuf_cottage
D:7:      layout_rooms, temple_hall, minmay_shop_damaged,
          kennysheep_generic_room_2
D:8:      layout_cave_pools, enter_ossuary_1
Temple:   mainiacjoe_temple_cubbyholes

Skill      XL: |  1  2  3  4  5  6  7  8  9 |
---------------+----------------------------+-----
Fire Magic     | 4 5 6 7 8 |  8.2
Spellcasting   | 4 5 6 8 10 | 10.1
Conjurations   | 2 3 4 6 8 |  8.8
Dodging        | 4 |  4.1
Fighting       | 1 |  1.1
Stealth        | |  2.4

Action                   |  1- 3 |  4- 6 |  7- 9 || total
-------------------------+-------+-------+-------++-------
Melee: Dagger            |       |       |     3 ||     3
 Cast: Foxfire           |   140 |    96 |   118 ||   354
       Scorch            |       |    13 |    76 ||    89
       Conjure Flame     |       |     2 |     4 ||     6
       Gell's Gravitas   |       |       |     6 ||     6
  Use: Scroll            |       |     3 |    11 ||    14
       Potion            |       |       |     2 ||     2
Armor: Robe              |     6 |     1 |    20 ||    27
       Skin              |       |       |     4 ||     4
Dodge: Dodged            |     5 |     4 |    30 ||    39
